 Dungeon Crawl Stone Soup version 0.29.1-1-gd02db6906a (webtiles) character file.

Game seed: 11447332469021843637

6132 MisterFreud the Covert (level 10, -5/82 HPs)
             Began as a Gnoll Delver on Sept 23, 2022.
             Was a Priest of Yredelemnul.
             Slain by a wyvern (10 damage)
             ... on level 10 of the Dungeon.
             The game lasted 00:15:59 (13441 turns).

MisterFreud the Covert (Gnoll Delver)              Turns: 13441, Time: 00:16:01

Health: -5/82      AC: 13    Str: 12    XL:     10   Next: 89%
Magic:  18/18      EV: 14    Int: 14    God:    Yredelemnul [***...]
Gold:   647        SH:  5    Dex: 13    Spells: 17/20 levels left

rFire   . . .      SeeInvis .   H - +2 dagger (elec)
rCold   . . .      Faith    .   p - orb {guile}
rNeg    . . .      Spirit   .   P - +0 acid dragon scales
rPois   +          Reflect  +   x - +0 helmet
rElec   .          Harm     .   T - +2 cloak {rPois}
rCorr   +          Rampage  .   L - +0 pair of gloves
Will    .....                   (no boots)
Stlth   ++++......              E - amulet of reflection
HPRegen 0.23/turn               m - ring of flight
MPRegen 0.16/turn               (no ring)

@: flying, studying Short Blades
A: fangs 1, strong nose, distributed training
a: Renounce Religion, Recall Undead Harvest, Dark Bargain


You were on level 10 of the Dungeon.
You worshipped Yredelemnul.
Yredelemnul was noncommittal.
You visited 2 branches of the dungeon, and saw 11 of its levels.

You collected 672 gold pieces.
You spent 25 gold pieces at shops.

Inventory:

Hand Weapons
 a - a +1 short sword of draining
 r - a +2 whip of pain
 H - a +2 dagger of electrocution (weapon)
Missiles
 t - a curare-tipped dart
 D - 2 datura-tipped darts (quivered)
 I - 16 poisoned darts
 K - 5 boomerangs
 M - 3 atropa-tipped darts
 R - a throwing net
Armour
 o - a +0 buckler
 p - an orb of guile (worn)
 x - a +0 helmet (worn)
 F - a +0 robe
 L - a +0 pair of gloves (worn)
 P - +0 acid dragon scales (worn)
 T - a +2 cloak of poison resistance (worn)
Jewellery
 m - a ring of flight (left hand)
 E - an amulet of reflection (around neck)
 O - an amulet of guardian spirit
 S - a ring of protection from cold
Wands
 g - a wand of digging (3)
 n - a wand of mindburst (10)
 w - a wand of roots (15)
 y - a wand of acid (10)
 G - a wand of charming (11)
Scrolls
 b - a scroll of identify
 c - a scroll of fog
 d - 2 scrolls of magic mapping
 e - 3 scrolls of fear
 k - 4 scrolls of blinking
 q - a scroll of teleportation
 N - a scroll of enchant armour
 Q - 2 scrolls of butterflies {unknown}
 U - a scroll of amnesia
Potions
 f - 2 potions of haste
 h - 3 potions of ambrosia
 i - 2 potions of resistance
 j - 2 potions of curing
 l - a potion of lignification
 s - a potion of degeneration
 u - 3 potions of invisibility
 v - a potion of magic
 z - 4 potions of flight
 A - 2 potions of berserk rage
 B - 2 potions of brilliance
 C - a potion of cancellation
 J - a potion of heal wounds


   Skills:
 + Level 8.9 Fighting
 + Level 9.1 Short Blades
 + Level 5.9 Long Blades
 + Level 5.9 Axes
 + Level 5.9 Maces & Flails
 + Level 5.9 Polearms
 + Level 5.9 Staves
 + Level 5.9 Ranged Weapons
 + Level 5.9 Throwing
 + Level 5.9 Armour
 + Level 7.5 Dodging
 + Level 11.2 Stealth
 + Level 5.9 Shields
 + Level 5.9 Unarmed Combat
 + Level 5.9 Spellcasting
 + Level 4.9 Conjurations
 + Level 4.9 Hexes
 + Level 4.9 Summonings
 + Level 4.9 Necromancy
 + Level 4.9 Translocations
 + Level 4.9 Transmutations
 + Level 4.9 Fire Magic
 + Level 4.9 Ice Magic
 + Level 4.9 Air Magic
 + Level 4.9 Earth Magic
 + Level 4.9 Poison Magic
 + Level 6.5 Invocations
 + Level 5.9 Evocations


You had 17 spell levels left.
You knew the following spells:

 Your Spells              Type           Power      Damage    Failure   Level
a - Tukima's Dance        Hex            17%        N/A       9%          3

Your spell library contained the following spells:

 Spells                   Type           Power      Damage    Failure   Level
 Apportation              Tloc           34%        N/A       3%          1
 Beastly Appendage        Tmut           34%        N/A       3%          1
 Magic Dart               Conj           68%        1d6       3%          1
 Searing Ray              Conj           34%        2d5       4%          2
 Wereblood                Tmut           17%        N/A       4%          2
 Spider Form              Tmut/Pois      17%        N/A       9%          3
 Fulminant Prism          Conj/Hex       8%         3d7       30%         4
 Passage of Golubria      Tloc           17%        N/A       30%         4
 Alistair's Intoxication  Tmut/Pois      11%        N/A       63%         5
 Yara's Violent Unravell  Hex/Tmut       8%         3d5       63%         5


Dungeon Overview and Level Annotations

Branches:
Dungeon (10/15)            Temple (1/1) D:4            Lair (0/5) D:10
    Orc: D:9-12

Altars:
Ashenzari
Cheibriados
Dithmenos
Elyvilon
Fedhas
Gozag
Hepliaklqana
Kikubaaqudgha
Makhleb
Ru
Uskayaw
Wu Jian
Yredelemnul
Zin

Shops:
D:9 *

Annotations:
D:4 3 runed translucent doors, EtherCrawl's ghost, amateur OpTm
D:6 2 transporters
D:8 3 runed translucent doors


Innate Abilities, Weirdness & Mutations

You have very sharp teeth.
Your uncanny sense of smell can sniff out nearby items.
Your experience applies equally to all skills.


Message History

The basilisk bites you but does no damage.
You hit the basilisk.
The basilisk is almost dead.
You hit the basilisk but do no damage. Lightning courses through the basilisk!
You kill the basilisk!
The dead are walking!
You swap places.
The wyvern barely misses you.
The wyvern bites you but does no damage.
You barely miss the wyvern.
The wyvern bites you but does no damage.
You hit the wyvern but do no damage. You bite the wyvern, but do no damage.
The wyvern misses you.
You hit the wyvern but do no damage. You hit the wyvern but do no damage.
The wyvern bites you!
* * * LOW HITPOINT WARNING * * *
You hit the wyvern.
The wyvern is lightly wounded.
Your water moccasin zombie is no longer petrified.
You block the wyvern's attack.
You hit the wyvern.
The wyvern is lightly wounded.
The wyvern barely misses you.
You closely miss the wyvern.
The wyvern is lightly wounded.
The wyvern bites you but does no damage.
You hit the wyvern. You bite the wyvern, but do no damage.
The wyvern is moderately wounded.
Your basilisk zombie bites the wyvern.
The wyvern misses you.
You hit the wyvern. You bite the wyvern, but do no damage.
The wyvern is severely wounded.
You closely miss the wyvern.
The wyvern is severely wounded.
The wyvern bites you.
* * * LOW HITPOINT WARNING * * *
Your basilisk zombie bites the wyvern.
You hit the wyvern but do no damage.
The wyvern is severely wounded.
The wyvern bites you!
You die...
Your body rises from the dead as a mindless zombie.

########################
........................
.......ZZ...............
##.....@###############.
#=....ZZl.# #.
.......Z...# #.
..P.........# #.
....P.........# #.
........PP..... #.
...P.........#. .
P....>.........
......P........


You could see a wyvern (ally target), a friendly basilisk zombie, a friendly
water moccasin zombie, 2 friendly yak zombies and a friendly scorpion zombie.

Vanquished Creatures
  Maurice (D:9)
  Maggie (D:9)
  A hornet (D:7)
  Sigmund (D:2)
  A shadow (D:9)
  4 wyverns (D:10)
  A yak (shapeshifter) (D:10)
  3 yaks (D:9)
  A basilisk (D:10)
  A water moccasin (D:10)
  2 black bears
  2 ice beasts (D:5)
  A hornet zombie (D:7)
  5 centaurs
  2 phantoms
  2 kobold brigands
  4 bullfrogs
  A necrophage (D:5)
  2 scorpions
  5 wights
  A howler monkey (D:6)
  A centaur zombie (D:4)
  2 bullfrog zombies (D:4)
  3 hounds
  4 jellies
  A human zombie (D:4)
  4 iguanas
  Ijyb (D:3)
  Natasha (thrice) (D:4)
  2 orc wizards
  A hound zombie (D:4)
  4 mummies (D:4)
  Robin (D:3)
  A howler monkey zombie (D:4)
  3 gnolls (D:6)
  6 adders
  A shadow imp (D:5)
  An adder zombie (D:4)
  4 dart slugs
  3 worms
  12 orcs
  7 ball pythons
  4 endoplasms
  13 goblins
  6 hobgoblins
  5 jackals
  15 kobolds
  3 quokkas
  8 bats
  A frilled lizard (D:1)
  6 rats
168 creatures vanquished.

Vanquished Creatures (collateral kills)
  3 yaks (D:10)
  A wraith (D:10)
  A sky beast (D:7)
  An orc warrior (D:8)
  A kobold brigand (D:7)
  A scorpion (D:10)
  A wight (D:6)
  A gnoll (D:6)
  An adder (D:6)
  2 orcs (D:7)
  2 kobolds
15 creatures vanquished.

Vanquished Creatures (others)
  9 dancing weapons
  3 wyvern zombies (D:10)
  2 yak zombies (D:10)
  A centaur zombie (D:7)
  A scorpion zombie (D:6)
  A jelly zombie (D:6)
  A kobold (D:8)
  2 gnoll zombies (D:6)
  A kobold zombie (D:7)
  4 orc zombies (D:7)
  A bush (D:10)
  2 fungi (D:10)
  17 plants (D:10)
45 creatures vanquished.

Grand Total: 228 creatures vanquished

Notes
Turn   | Place    | Note
-------+----------+-------------------------------------------
     0 | D:5      | Reached skill level 9 in Stealth
     0 | D:5      | MisterFreud the Gnoll Delver began the quest for the Orb.
     0 | D:5      | Reached XP level 1. HP: 23/23 MP: 1/1
   187 | D:2      | Reached XP level 2. HP: 29/29 MP: 2/2
   614 | D:1      | Reached XP level 3. HP: 35/35 MP: 3/3
   851 | D:1      | Reached skill level 1 in Invocations
  1578 | D:2      | Reached skill level 1 in Long Blades
  1578 | D:2      | Reached skill level 1 in Axes
  1578 | D:2      | Reached skill level 1 in Maces & Flails
  1578 | D:2      | Reached skill level 1 in Polearms
  1578 | D:2      | Reached skill level 1 in Staves
  1578 | D:2      | Reached skill level 1 in Ranged Weapons
  1578 | D:2      | Reached skill level 1 in Throwing
  1578 | D:2      | Reached skill level 1 in Armour
  1578 | D:2      | Reached skill level 1 in Shields
  1578 | D:2      | Reached skill level 1 in Unarmed Combat
  1578 | D:2      | Reached skill level 1 in Spellcasting
  1578 | D:2      | Reached skill level 1 in Evocations
  1911 | D:2      | Noticed Sigmund
  1917 | D:2      | Killed Sigmund
  1918 | D:2      | Reached skill level 1 in Conjurations
  1918 | D:2      | Reached skill level 1 in Hexes
  1918 | D:2      | Reached skill level 1 in Summonings
  1918 | D:2      | Reached skill level 1 in Necromancy
  1918 | D:2      | Reached skill level 1 in Translocations
  1918 | D:2      | Reached skill level 1 in Transmutations
  1918 | D:2      | Reached skill level 1 in Fire Magic
  1918 | D:2      | Reached skill level 1 in Ice Magic
  1918 | D:2      | Reached skill level 1 in Air Magic
  1918 | D:2      | Reached skill level 1 in Earth Magic
  1918 | D:2      | Reached skill level 1 in Poison Magic
  1918 | D:2      | Reached XP level 4. HP: 41/41 MP: 4/6
  1918 | D:2      | Reached XP level 5. HP: 47/47 MP: 4/7
  2518 | D:3      | Noticed Robin
  2538 | D:3      | Reached XP level 6. HP: 48/53 MP: 8/8
  2573 | D:3      | Killed Robin
  3024 | D:3      | Reached skill level 5 in Short Blades
  3024 | D:3      | Reached skill level 5 in Dodging
  3059 | D:3      | Noticed Ijyb
  3067 | D:3      | Killed Ijyb
  3279 | D:4      | Found a runed translucent gate.
  3304 | D:4      | Found a snail-covered altar of Cheibriados.
  3429 | D:4      | Noticed EtherCrawl's ghost (amateur OpTm)
  3440 | D:4      | Found a runed translucent gate.
  3440 | D:4      | Found a runed translucent gate.
  3808 | D:4      | Found a staircase to the Ecumenical Temple.
  3873 | Temple   | Entered the Ecumenical Temple
  3899 | Temple   | Became a worshipper of Yredelemnul the Dark
  4312 | D:4      | Reached XP level 7. HP: 50/60 MP: 10/10
  4383 | D:4      | Found an ancient bone altar of Kikubaaqudgha.
  4987 | D:4      | Reached skill level 10 in Stealth
  5111 | D:4      | Noticed Natasha
  5118 | D:4      | Killed Natasha
  5118 | D:4      | Reached * piety under Yredelemnul
  5208 | D:4      | Noticed Natasha
  5220 | D:4      | Killed Natasha
  5365 | D:4      | Noticed Natasha
  5372 | D:4      | Killed Natasha
  5574 | D:5      | Reached XP level 8. HP: 16/67 MP: 12/12
  5930 | D:5      | You fall into a shaft and drop 3 floors!
  6229 | D:8      | Found a runed translucent door.
  6987 | D:6      | Found a transporter.
  7024 | D:6      | Found a transporter.
  7721 | D:5      | Learned a level 3 spell: Tukima's Dance
  8271 | D:5      | Reached XP level 9. HP: 70/73 MP: 14/14
 10503 | D:7      | Noticed a hornet
 10521 | D:7      | Paralysed by a hornet for 2 turns
 10543 | D:7      | Killed a hornet
 10544 | D:7      | Reached skill level 5 in Invocations
 10870 | D:7      | Reached ** piety under Yredelemnul
 11627 | D:8      | Found a burning altar of Makhleb.
 11627 | D:8      | Found a broken altar of Ashenzari.
 11683 | D:8      | Reached *** piety under Yredelemnul
 12123 | D:8      | Noticed a centaur warrior
 12186 | D:8      | Noticed a white ugly thing
 12188 | D:8      | Noticed a hornet
 12189 | D:8      | Found a runed translucent door.
 12189 | D:8      | Found a runed translucent door.
 12225 | D:9      | Identified the +1 leather armour "Jofudd" {*Slow rC++
                  | Str+4}
 12260 | D:9      | Noticed Maggie
 12276 | D:9      | Killed Maggie
 12277 | D:9      | Reached skill level 5 in Long Blades
 12277 | D:9      | Reached skill level 5 in Axes
 12277 | D:9      | Reached skill level 5 in Maces & Flails
 12277 | D:9      | Reached skill level 5 in Polearms
 12277 | D:9      | Reached skill level 5 in Staves
 12277 | D:9      | Reached skill level 5 in Ranged Weapons
 12277 | D:9      | Reached skill level 5 in Throwing
 12277 | D:9      | Reached skill level 5 in Armour
 12277 | D:9      | Reached skill level 5 in Shields
 12277 | D:9      | Reached skill level 5 in Unarmed Combat
 12277 | D:9      | Reached skill level 5 in Spellcasting
 12277 | D:9      | Reached skill level 5 in Evocations
 12277 | D:9      | Reached XP level 10. HP: 44/81 MP: 14/17
 12495 | D:9      | Found Weataf's Assorted Antiques.
 12680 | D:9      | Bought a scroll labelled WEZYOG WARI for 25 gold pieces
 12724 | D:9      | Noticed Maurice
 12757 | D:9      | Killed Maurice
 12758 | D:9      | Reached skill level 11 in Stealth
 13273 | D:10     | Entered Level 10 of the Dungeon
 13355 | D:10     | Found a staircase to the Lair.
 13441 | D:10     | Slain by a wyvern

Illustrated notes

Levels and vault maps discovered:
D:1:      minmay_arrival_checkered_box, layout_basic
D:2:      minmay_kobold_bridge, layout_loops_ring, uniq_sigmund
D:3:      layout_loops_corners, kennysheep_generic_room_14, uniq_robin,
          uniq_ijyb
D:4:      layout_basic, lemuel_mausoleum_altar_kikubaaqudgha,
          kennysheep_slug_shrine, minmay_temple_entry_ruins,
          gammafunk_ghost_split, uniq_natasha
D:5:      layout_layer_cave
D:6:      gammafunk_steamed_eel, layout_basic, minmay_misc_feat_room
D:7:      layout_basic
D:8:      minmay_the_grid_triangle_9x9_recursive_2
          [minmay_the_grid_triangle_9x9_prize_insulated,
          minmay_the_grid_triangle_9x9_limited_checkers,
          minmay_the_grid_triangle_9x9_sprig,
          minmay_the_grid_triangle_9x9_fully_insulated_deathbox],
          layout_loops_ring, jmf_multi_god_temple, corexii_hall_statues_l
D:9:      layout_rooms, serial_shops, shop, serial_bayou_lagoon_a, uniq_maggie,
          uniq_maurice
D:10:     layout_long_grid, minmay_lair_entry_grove, kennysheep_generic_room_10
Temple:   compressed_dpeg_circular_temple

Skill      XL: |  1  2  3  4  5  6  7  8  9 10 |
---------------+-------------------------------+-----
Stealth        | 10 11 | 11.2
Invocations    | 2 3 4 5 6 |  6.5
Long Blades    | 1 2 3 5 |  5.9
Axes           | 1 2 3 5 |  5.9
Maces & Flails | 1 2 3 5 |  5.9
Polearms       | 1 2 3 5 |  5.9
Staves         | 1 2 3 5 |  5.9
Ranged Weapons | 1 2 3 5 |  5.9
Throwing       | 1 2 3 5 |  5.9
Armour         | 1 2 3 5 |  5.9
Shields        | 1 2 3 5 |  5.9
Unarmed Combat | 1 2 3 5 |  5.9
Spellcasting   | 1 2 3 5 |  5.9
Evocations     | 1 2 3 5 |  5.9
Conjurations   | 1 2 3 4 |  4.9
Hexes          | 1 2 3 4 |  4.9
Summonings     | 1 2 3 4 |  4.9
Necromancy     | 1 2 3 4 |  4.9
Translocations | 1 2 3 4 |  4.9
Transmutations | 1 2 3 4 |  4.9
Fire Magic     | 1 2 3 4 |  4.9
Ice Magic      | 1 2 3 4 |  4.9
Air Magic      | 1 2 3 4 |  4.9
Earth Magic    | 1 2 3 4 |  4.9
Poison Magic   | 1 2 3 4 |  4.9
Short Blades   | 5 6 8 9 |  9.1
Dodging        | 5 6 7 |  7.5
Fighting       | 7 8 |  8.9

Action                   |  1- 3 |  4- 6 |  7- 9 | 10-12 || total
-------------------------+-------+-------+-------+-------++-------
Melee: Short sword       |   113 |       |   198 |       ||   311
       Bite              |    10 |    14 |    76 |    16 ||   116
       Whip              |       |   139 |   321 |       ||   460
       Punch             |       |     2 |     8 |       ||    10
       Dagger            |       |       |    75 |   117 ||   192
 Cast: Tukima's Dance    |       |       |    21 |       ||    21
Evoke: Wand              |       |       |       |     3 ||     3
  Use: Scroll            |       |       |    24 |       ||    24
       Potion            |       |       |     1 |     1 ||     2
 Stab: Sleeping          |    21 |    18 |    20 |     2 ||    61
       Distracted        |       |     1 |     2 |     1 ||     4
Armor: Leather armour    |    24 |    26 |   125 |       ||   175
       Acid dragon scale |       |       |       |    34 ||    34
Dodge: Dodged            |    59 |    85 |   318 |    53 ||   515
Block: Orb               |       |       |    67 |    15 ||    82
       Reflection        |       |       |     2 |       ||     2
